 Dungeon Crawl Stone Soup version 0.31-a0-986-g5e6e4ef867 (webtiles) character file.

Game seed: 16590130872350445325

56 grandjackal the Slasher (level 3, -8/28 HPs)
             Began as a Demonspawn Gladiator on Nov 17, 2023.
             Killed by nerve-wracking pain
             ... invoked by Grinder
              (13 damage)
             ... on level 3 of the Dungeon.
             The game lasted 00:01:38 (1311 turns).

grandjackal the Slasher (Demonspawn Gladiator)      Turns: 1311, Time: 00:01:40

Health: -8/28      AC:  6    Str: 16    XL:     3   Next: 69%
Magic:  3/3        EV:  7    Int:  9    God:
Gold:   86         SH:  0    Dex: 14    Spells: 2/2 levels left

rFire   . . .        a - +0 long sword
rCold   . . .        (no shield)
rNeg    . . .        g - +0 scale mail
rPois   .            (helmet restricted)
rElec   .            (no cloak)
rCorr   .            (no gloves)
SInv    .            (no boots)
Will    .....        q - amulet of magic regeneration Stlth
                     (no ring)
HPRegen 0.24/turn    (no ring)
MPRegen 0.48/turn

%: no passive effects
@: brilliant, constricted
A: horns 1, foul stench 1
a: no special abilities


You were on level 3 of the Dungeon.
You visited 1 branch of the dungeon, and saw 3 of its levels.

You collected 86 gold pieces.

Inventory:

Hand Weapons
 a - a +0 long sword (weapon)
 p - a +2 dagger of venom
Missiles
 d - 4 throwing nets (quivered)
 e - a javelin
Armour
 g - a +0 scale mail (worn)
Jewellery
 q - an amulet of magic regeneration (around neck)
Wands
 n - a wand of mindburst (7)
Scrolls
 c - a scroll of identify {unknown}
 h - a scroll of teleportation {unknown}
 i - a scroll of enchant weapon {unknown}
Potions
 b - a potion of lignification {unknown}
 f - 2 potions of brilliance
 j - a potion of mutation {unknown}
 k - a potion of heal wounds {unknown}
 l - a potion of curing {unknown}
 m - a potion of degeneration {unknown}
 o - a potion of enlightenment {unknown}


   Skills:
 + Level 2.7 Fighting
 + Level 3.2 Long Blades
 - Level 2.1 Throwing
 + Level 3.2 Dodging


You had 2 spell levels left.
You didn't know any spells.
Your spell library contained the following spells:

 Spells                   Type           Power      Damage    Failure   Level
 Cigotuvi's Dreadful Rot  Necr/Pois/Air  0%         N/A       93%         2
 Ignite Poison            Fire/Tmut/Pois 0%         N/A       99%         3
 Summon Guardian Golem    Hex/Summ       0%         N/A       99%         3
 Freezing Cloud           Conj/Ice/Air   0%         6-21      100%        5
 Orb of Destruction       Conj           0%         9d5       100%        7
 Spellforged Servitor     Conj/Summ      0%         N/A       100%        7


Dungeon Overview and Level Annotations

Branches:
Dungeon (3/15)

Altars:

Annotations:
D:3 Grinder


Innate Abilities, Weirdness & Mutations

You have a pair of small horns on your head.
You may rarely emit foul miasma when damaged in melee.


Message History

No target in view!
Grinder comes into view.
Found a book of Sloth.
Grinder shouts!
A goblin comes into view. It is wielding a +0 dagger.
You see here a frilled lizard corpse.
Found a stone staircase leading down.
The goblin shouts!
A ball python comes into view.
You see here an amulet of magic regeneration.
q - an amulet of magic regeneration Grinder gestures at you.
Pain shoots through your body!
You start putting on your amulet.
You continue putting on your amulet of magic regeneration. x2
The goblin misses you.
You continue putting on your amulet of magic regeneration.
Grinder closely misses you. The goblin barely misses you.
You continue putting on your amulet of magic regeneration.
The goblin closely misses you. Grinder gestures at you.
Pain shoots through your body!
You continue putting on your amulet of magic regeneration.
The ball python bites you. The ball python grabs you.
The ball python constricts you. The goblin barely misses you.
Grinder gestures at you. Pain shoots through your body!
* * * LOW HITPOINT WARNING * * *
You finish putting on your amulet of magic regeneration.
q - an amulet of magic regeneration (around neck) Unknown command.
Unknown command.
It was a potion of brilliance.
You feel clever all of a sudden. The ball python closely misses you.
The ball python constricts you. The goblin hits you but does no damage.
Grinder gestures at you. Pain shoots through your body!
You die...
Grinder says, "Now the real fun starts!"

#.##.#.# #..
.#.# .## #.#
...####.####
.#.........#
.##.###.....#
#....†####
#........#
##...$.@.#
#....5gS#
#.......#
#.......#
#....r..#
#:....###
#####># ..


You could see Grinder, a goblin, a ball python and a rat.

Vanquished Creatures
  2 adders (D:2)
  2 dart slugs
  2 ball pythons (D:1)
  3 endoplasms (D:2)
  A giant cockroach (D:1)
  4 goblins
  2 hobgoblins
  6 jackals
  5 bats
  4 frilled lizards
  2 rats
33 creatures vanquished.

Notes
Turn   | Place    | Note
-------+----------+-------------------------------------------
     0 | D:1      | grandjackal the Demonspawn Gladiator began the quest for
                  | the Orb.
     0 | D:1      | Reached XP level 1. HP: 16/16 MP: 1/1
   247 | D:1      | Gained mutation: You may rarely emit foul miasma when
                  | damaged in melee. [demonic ancestry]
   247 | D:1      | Reached XP level 2. HP: 22/22 MP: 2/2
   412 | D:1      | Found a faded altar of an unknown god.
   785 | D:2      | Gained mutation: You have a pair of small horns on your
                  | head. [demonic ancestry]
   785 | D:2      | Reached XP level 3. HP: 23/28 MP: 3/3
  1302 | D:3      | Noticed Grinder
  1311 | D:3      | Killed from afar by Grinder

Illustrated notes

Levels and vault maps discovered:
D:1:      doesnt_arrival_eight_statues, layout_loops_cross,
          shapermc_ecumenical_altar_pompeii, nrook_mini_vaults
D:2:      layout_loops_ring, basic_altar
D:3:      layout_basic, mainiacjoe_overflow_concentric_impassable, uniq_grinder

Skill      XL: |  1  2 |
---------------+-------+-----
Throwing       | 2 |  2.1
Long Blades    | 3 |  3.2
Dodging        | 3 |  3.2
Fighting       | |  2.7

Action                     || total
---------------------------++-------
  Melee: Long sword        ||    90
         Punch             ||     2
         Headbutt          ||     6
    Use: Potion            ||     1
 Armour: Scale mail        ||    59
         Leather armour    ||     5
  Dodge: Dodged            ||    56

Table legend: (Time is in decaauts)
 A = Elapsed time spent in this place.
 B = Non-inter-level travel time spent in this place.
 C = Inter-level travel time spent in this place.
 D = Time resting spent in this place.
 E = Time spent auto-exploring this place.
 F = Levels seen in this place.
 G = Mean time per level.
                   A        B        C        D        E       F      G
               +--------+--------+--------+--------+--------+-----+--------+
         Total |   1332 |   1274 |     58 |     68 |    953 |   3 |  444.0 |
       Dungeon |   1332 |   1274 |     58 |     68 |    953 |   3 |  444.0 |
               +--------+--------+--------+--------+--------+-----+--------+

Top non-repeatable levels by time:
     D:1: 657 daAuts
     D:2: 634 daAuts
     D:3: 40 daAuts
